 Dungeon Crawl Stone Soup version 0.32-a0-450-g080537f31e (webtiles) character file.

Game seed: 9976989368552801779

92 javelincjr the Trooper (level 4, -3/37 HPs)
             Began as a Demonspawn Monk on Feb 23, 2024.
             Slain by a gnoll
             ... wielding a +0 halberd
              (10 damage)
             ... on level 3 of the Dungeon.
             The game lasted 00:04:19 (1311 turns).

javelincjr the Trooper (Demonspawn Monk)            Turns: 1311, Time: 00:04:19

Health: -3/37      AC:  5    Str: 13    XL:     4   Next: 35%
Magic:  4/4        EV: 12    Int: 10    God:
Gold:   56         SH:  0    Dex: 16    Spells: 3/3 levels left

rFire   . . .        o - +4 quarterstaff (chaos)
rCold   . . .        (shield currently unavailable)
rNeg    . . .        l - +2 leather armour {rPois}
rPois   +            (helmet currently unavailable)
rElec   .            (cloak currently unavailable)
rCorr   .            (gloves currently unavailable)
SInv    .            (boots currently unavailable)
Will    .....        (no amulet)
Stlth   +            (no ring)
HPRegen 0.26/turn    (no ring)
MPRegen 0.09/turn

%: no passive effects
@: confused, beast-form, ambrosia-drunk
A: beast (slay +0), demonic magic 1, demonic touch 2
a: Begin Untransformation


You were on level 3 of the Dungeon.
You were a hulking beast.
You visited 1 branch of the dungeon, and saw 3 of its levels.

You collected 56 gold pieces.

Inventory:

Hand Weapons
 a - a +0 hand axe
 o - a +4 quarterstaff of chaos (weapon)
Missiles
 f - a poisoned dart (quivered)
Armour
 b - a +0 robe
 d - an orb of light
 h - a +0 ring mail
 l - a +2 leather armour of poison resistance (worn)
 p - a +0 cloak
Talismans
 g - a beast talisman (active)
Scrolls
 e - 2 scrolls of fear {unknown}
 j - a scroll of butterflies {unknown}
 k - a scroll of noise {unknown}
 m - a scroll of identify {unknown}
 n - 2 scrolls of poison {unknown}
 q - a scroll of enchant weapon {unknown}
 t - a scroll of amnesia {unknown}
Potions
 i - a potion of curing {unknown}
 r - 2 potions of degeneration {unknown}
 s - a potion of attraction {unknown}


   Skills:
 * Level 3.8 Fighting
 - Level 3.0 Axes
 + Level 1.2 Armour
 + Level 3.1 Dodging
 + Level 0.5 Stealth
 * Level 0.6 Unarmed Combat
 * Level 0.6 Shapeshifting


You had 3 spell levels left.
You didn't know any spells.
Your spell library contained the following spells:

 Spells                   Type           Power      Damage    Failure   Level
 Mercury Vapours          Alch/Air       0%         N/A       58%         2
 Mephitic Cloud           Conj/Alch/Air  0%         N/A       82%         3
 Freezing Cloud           Conj/Ice/Air   0%         6-21      100%        5
 Malign Gateway           Summ/Tloc      0%         N/A       100%        7
 Summon Horrible Things   Summ           0%         N/A       100%        8


Dungeon Overview and Level Annotations

Branches:
Dungeon (3/15)

Altars:

Shops:
D:1 !


Innate Abilities, Weirdness & Mutations

You are a hulking beast.
Your limbs bulge with bestial killing power. (Slay +0)
Spells you cast may paralyse adjacent enemies.
Your touch may inflict irresistible damage on your foes.


Message History

You kill the frilled lizard!
No target in view!
No target in view! 4 gnolls come into view.
A gnoll is wielding a +0 spear and quivering a throwing net.
A gnoll is wielding a +0 club and quivering 2 throwing nets.
The gnoll shouts! x3
Throw: 3 darts (poison)
Press: ? - help, Q - select action Shift-Dir - straight line, f - gnoll
Aim: a gnoll, wielding a +0 halberd (61% to hit)
You throw a poisoned dart. The poisoned dart hits the gnoll.
The gnoll is poisoned.
Throw: 2 darts (poison)
Press: ? - help, Q - select action Shift-Dir - straight line, f/p - gnoll
Aim: a gnoll, wielding a +0 halberd (poisoned, 61% to hit)
You throw a poisoned dart. The poisoned dart hits the gnoll.
The gnoll looks even sicker.
The gnoll shouts!
The gnoll hits you from afar with a +0 halberd.
Throw: dart (poison)
Press: ? - help, Q - select action Shift-Dir - straight line, f/p - gnoll
Aim: a gnoll, wielding a +0 halberd (very poisoned, 61% to hit)
Okay, then.
A kobold comes into view. It is wielding a +0 dagger.
The gnoll hits you with a +0 halberd!
The kobold shouts!
You hit the gnoll. You freeze the gnoll.
The gnoll is heavily wounded.
The gnoll hits you with a +0 halberd!
* * * LOW HITPOINT WARNING * * *
You hit the gnoll but do no damage.
The gnoll is heavily wounded.
The gnoll hits you with a +0 halberd.
* * * LOW HITPOINT WARNING * * *
The gnoll misses you.
The gnoll hits you from afar with a +0 spear.
* * * LOW HITPOINT WARNING * * *
You are confused.
You feel invigorated.
The gnoll throws a throwing net.
The throwing net closely misses you. The gnoll hits you with a +0 halberd!
You die...

#(....## #.##.#.# #g
###†..###.##.#.# #.
#.........##.#.#
#g######.#...######.#.#
#g#.......#.#######.#.#
###g#.####..........#.#.#
...#.# #..........#.#.#
#####.#.#######.###.......#
#.......ggh..##.####..###.#
#.###...g###g.........# #.#
............##.###...###.#
#...#....###.##.# #.#....>#
.......#.##
#.##.###.#.#.### ##...###.#
##.##.##....#.# ##.#
#.###........#....# #.
#.##....#.##...####
####.##...##.###.##


You could see 4 gnolls.

Vanquished Creatures
  Crazy Yiuf (D:2)
  Jessica (D:2)
  An adder (D:3)
  A dart slug (D:1)
  An orc (D:3)
  A ball python (D:2)
  2 bats (D:1)
  5 endoplasms
  A giant cockroach (D:2)
  A hobgoblin (D:3)
  2 jackals (D:1)
  A kobold (D:1)
  2 frilled lizards
  2 goblins
  2 rats
24 creatures vanquished.

Notes
Turn   | Place    | Note
-------+----------+-------------------------------------------
     0 | D:1      | javelincjr the Demonspawn Monk began the quest for the Orb.
     0 | D:1      | Reached XP level 1. HP: 18/18 MP: 1/1
   195 | D:1      | Gained mutation: Your touch may inflict minor irresistible
                  | damage on your foes. [demonic ancestry]
   195 | D:1      | Reached XP level 2. HP: 21/24 MP: 2/2
   282 | D:1      | Found Loilysie's Distillery.
   288 | D:1      | You fall into a shaft and drop 1 floor!
   303 | D:2      | Found a faded altar of an unknown god.
   435 | D:2      | Noticed Jessica
   445 | D:2      | Killed Jessica
   446 | D:2      | Reached skill level 1 in Armour
   446 | D:2      | Gained mutation: Spells you cast may paralyse adjacent
                  | enemies. [demonic ancestry]
   446 | D:2      | Reached XP level 3. HP: 22/29 MP: 3/3
   721 | D:2      | Found a runed translucent door.
   722 | D:2      | Noticed Crazy Yiuf
   731 | D:2      | Killed Crazy Yiuf
   732 | D:2      | Gained mutation: Your touch may inflict irresistible damage
                  | on your foes. [demonic ancestry]
   732 | D:2      | Reached XP level 4. HP: 16/37 MP: 4/4
  1311 | D:3      | Slain by a gnoll

Illustrated notes

Levels and vault maps discovered:
D:1:      lemuel_arrival_lava_pool, layout_loops_cross, serial_shops,
          shop_statue
D:2:      layout_loops_ring, hellmonk_ecumenical_altar_pennies_from_heaven,
          uniq_crazy_yiuf_cottage, uniq_jessica
D:3:      layout_loops_ring, uniq_grinder

Skill      XL: |  1  2 |
---------------+-------+-----
Axes           | 3 |  3.0
Armour         | 1 |  1.2
Dodging        | 3 |  3.1
Fighting       | |  3.8
Stealth        | |  0.5
Unarmed Combat | |  0.6
Shapeshifting  | |  0.6

Action                     |  1- 3 |  4- 6 || total
---------------------------+-------+-------++-------
  Melee: Hand axe          |    45 |       ||    45
         Touch             |     7 |       ||     7
         Quarterstaff      |       |    17 ||    17
  Throw: Dart              |     1 |     2 ||     3
    Use: Potion            |       |     1 ||     1
   Stab: Confused          |       |     1 ||     1
 Armour: Robe              |    16 |       ||    16
         Leather armour    |     5 |    14 ||    19
  Dodge: Dodged            |    21 |    11 ||    32
   Form: Beast             |     1 |       ||     1

Table legend: (Time is in decaauts)
 A = Elapsed time spent in this place.
 B = Non-inter-level travel time spent in this place.
 C = Inter-level travel time spent in this place.
 D = Time resting spent in this place.
 E = Time spent auto-exploring this place.
 F = Levels seen in this place.
 G = Mean time per level.
                   A        B        C        D        E       F      G
               +--------+--------+--------+--------+--------+-----+--------+
         Total |   1326 |   1326 |      0 |      0 |   1073 |   3 |  442.0 |
       Dungeon |   1326 |   1326 |      0 |      0 |   1073 |   3 |  442.0 |
               +--------+--------+--------+--------+--------+-----+--------+

Top non-repeatable levels by time:
     D:2: 837 daAuts
     D:1: 292 daAuts
     D:3: 196 daAuts
